 Dungeon Crawl Stone Soup version 0.23.2-30-g0e89c35649 (webtiles) character file.

Game seed: 6383981000289488519

118069 pTCGFNYNwU3Fd6TS the Warrior (level 16, -13/152 HPs)
             Began as a Hill Orc Berserker on June 4, 2019.
             Was a High Priest of Trog.
             Killed by the raging water
             ... invoked by a water nymph
              (34 damage)
             ... on level 1 of the Shoals on June 7, 2019.
             The game lasted 04:48:05 (39836 turns).

pTCGFNYNwU3Fd6TS the Warrior (Hill Orc Berserker)  Turns: 39836, Time: 04:48:06

Health: -13/152    AC: 23    Str: 25    XL:     16   Next: 40%
Magic:  16/16      EV: 21    Int:  7    God:    Trog [*****.]
Gold:   1264       SH: 19    Dex: 15    Spells: 15/15 levels left

rFire    . . .     SeeInvis +   Z - +8 morningstar (vamp)
rCold    + . .     Gourm    .   j - +0 large shield
rNeg     . . .     Faith    +   F - +3 scale mail of Trial and Error {rCorr}
rPois    +         Spirit   .   G - +2 helmet {SInv}
rElec    .         Reflect  .   D - +0 cloak "Hodwisas" {rPois Dex+3}
rCorr    +         Harm     .   E - +2 pair of gloves
MR       +....                  u - +0 pair of boots
Stlth    ..........             T - amulet of faith
HPRegen  0.35/turn              K - +6 ring of evasion
MPRegen  0.15/turn              e - ring of protection from cold

@: very slow
A: no striking features
}: 1/15 runes: gossamer
a: Berserk, Trog's Hand, Brothers in Arms, Renounce Religion


You were on level 1 of the Shoals.
You worshipped Trog.
Trog was extremely pleased with you.
You were hungry.

You visited 5 branches of the dungeon, and saw 24 of its levels.

You collected 1264 gold pieces.

Inventory:

Hand Weapons
 a - a +0 dire flail of holy wrath
 o - a +1 flail of draining
 A - a +2 great mace of protection
 N - a +4 antimagic demon whip
 Z - a +8 vampiric morningstar (weapon)
Armour
 j - a +0 large shield (worn)
 u - a +0 pair of boots (worn)
 D - the +0 cloak "Hodwisas" (worn) {rPois Dex+3}
   (You acquired it on level 10 of the Dungeon)

   It affects your dexterity (+3).
   It protects you from poison.
 E - a +2 pair of gloves (worn)
 F - the +3 scale mail of Trial and Error (worn) {rCorr}
   (You found it on level 5 of the Dungeon)

   It provides partial protection from all sources of acid and corrosion.
 G - a +2 helmet of see invisible (worn)
 H - a scarf of repulsion
 M - a -2 pair of gloves
Magical Staves
 k - an uncursed staff of poison
Jewellery
 e - a ring of protection from cold (right hand)
 f - an uncursed amulet of guardian spirit {unknown}
 h - a +2 ring of strength
 p - an uncursed ring of positive energy
 v - an uncursed amulet of the gourmand
 K - a +6 ring of evasion (left hand)
 T - an amulet of faith (around neck)
Wands
 b - a wand of acid (23)
 n - a wand of digging (5)
 B - a wand of flame (16)
 C - a wand of polymorph (21)
 L - a wand of enslavement (12)
 Q - a wand of iceblast (3)
 R - a wand of clouds (7)
Scrolls
 d - 5 scrolls of fear
 r - 2 scrolls of immolation
 s - 9 scrolls of remove curse
 t - 6 scrolls of teleportation
 y - 3 scrolls of fog
Potions
 g - 4 potions of haste
 i - 2 potions of resistance
 l - 3 potions of flight
 m - 2 potions of might
 q - a potion of magic {unknown}
 w - 3 potions of brilliance
 x - 9 potions of curing
 I - 3 potions of berserk rage
 U - a potion of invisibility
Miscellaneous
 z - a crystal ball of energy
 O - a lamp of fire
Comestibles
 c - 22 rations


   Skills:
 + Level 16.3 Fighting
 - Level 14.0 Maces & Flails
 + Level 14.9 Armour
 + Level 11.9 Dodging
 * Level 10.9 Shields


You had 15 spell levels left.
You didn't know any spells.
Your spell library was empty.

Dungeon Overview and Level Annotations

Branches:
Dungeon (11/15)            Temple (1/1) D:6            Lair (5/6) D:10
 Shoals (3/4) Lair:2       Spider (4/4) Lair:4
  Slime: Lair:5-6       Orc: D:9-12

Altars:
Ashenzari
Cheibriados
Dithmenos
Elyvilon
Fedhas
Gozag
Hepliaklqana
Kikubaaqudgha
Makhleb
Nemelex Xobeh
Okawaru
Qazlal
Ru
Sif Muna
Trog
Uskayaw
Vehumet
Wu Jian
Xom
Yredelemnul
Zin
The Shining One

Shops:
D:7 %

Annotations:
D:3 2 transporters, Grendash's ghost, amateur HOFi
D:8 Gastronok
D:10 1 runed translucent door, Sassenached's ghost, novice MfSk
Lair:4 exclusion: 3 oklob plants


Message History

The water swirls and strikes you!
The water nymph flows with the water.
You enter the shallow water.
Moving in this stuff is going to be slow.
Splash!
You fall into the shallow water.
Moving in this stuff is going to be slow.
You block the water nymph's attack. The water nymph casts a spell at you.
The water swirls and strikes you!
The water nymph gestures at you while chanting.
The water swirls and strikes you! The water nymph touches you.
The water nymph drowns you!
* * * LOW HITPOINT WARNING * * *
The water nymph points at you and mumbles some strange words.
The water swirls and strikes you!
* * * LOW HITPOINT WARNING * * *
The water nymph points at you and mumbles some strange words.
The water swirls and strikes you!
You die...

≈≈###≈###..##....#####≈≈.≈≈≈P≈≈≈≈
≈≈.≈≈≈≈≈...###..## ###≈≈...≈≈≈≈
≈≈≈≈≈≈≈≈≈.## #...### ##≈≈≈.≈...
≈≈≈...≈≈≈.####.P≈..### ##≈.≈≈≈..
≈.....≈≈≈......≈≈≈≈.P#####≈≈.≈≈..
≈≈≈≈.≈≈.≈≈≈≈...≈≈≈≈.(.(.((≈≈.≈P≈.
≈≈≈≈≈≈...≈≈≈≈≈≈≈≈≈P≈>.(..≈#≈≈.≈≈.
≈≈≈.≈....≈≈≈≈≈≈≈≈..≈#.≈≈.≈#≈≈.≈≈.
≈≈.≈≈....≈≈≈≈m≈≈@≈≈...≈.≈≈≈≈≈....
≈≈≈≈≈..##.)≈≈≈≈≈.≈≈≈≈≈≈≈##≈......
≈≈≈≈≈.###.≈≈≈≈≈≈≈≈≈≈≈≈≈≈.#..PP...
≈≈≈≈≈.# #.....≈≈≈≈≈≈≈≈≈≈≈≈..≈≈P..
≈≈≈≈≈.###....≈≈≈≈≈≈≈≈≈≈≈≈≈P..≈P.≈
≈≈≈≈≈....≈≈≈≈≈≈≈≈≈≈≈≈≈≈≈......≈..
≈≈≈≈≈..≈≈≈≈≈≈≈≈≈≈≈≈≈≈≈≈≈.##...≈≈≈
≈≈≈≈..≈≈≈≈≈≈≈≈≈≈≈≈≈.≈≈≈..###..≈≈≈
≈≈≈≈..≈≈≈≈≈≈≈≈≈≈..###....##.P≈≈≈≈


You could see a water nymph.

Vanquished Creatures
  Arachne (Spider:3)
  A kraken (Shoals:1)
  5 ghost moths
  4 emperor scorpions
  The ghost of Sairod the Unseen, an adept SpEn of Okawaru (Spider:1)
  2 entropy weavers (Spider:3)
  3 spark wasps
  A merfolk javelineer (Shoals:1)
  2 merfolk impalers (Shoals:1)
  Harold (Lair:2)
  2 hydras
  A catoblepas (Lair:2)
  Erica (D:8)
  A merfolk avatar (Shoals:2)
  Urug (Lair:2)
  9 death yaks
  2 sea snakes
  Pikel (D:5)
  6 manticores
  16 orb spiders
  22 wolf spiders
  2 cyclopes
  4 fauns (Shoals:1)
  3 moths of wrath
  A water nymph (Shoals:1)
  2 black mambas (D:10)
  4 spiny frogs
  2 torpor snails
  4 merfolk sirens
  Psyche (D:8)
  A kobold demonologist (D:9)
  4 komodo dragons
  2 ice devils (Lair:2)
  10 demonic crawlers
  11 merfolk
  34 jumping spiders
  2 trolls
  Prince Ribbit (D:5)
  6 hornets
  A snapping turtle (Shoals:2)
  5 blink frogs (Lair:4)
  8 hippogriffs
  Sigmund (D:6)
  9 dream sheep
  39 redbacks
  32 tarantellas
  4 water elementals
  50 yaks
  Grum (D:9)
  A hungry ghost (D:8)
  2 soldier ants
  Edmund (D:6)
  6 water moccasins
  Duvessa (D:6)
  An orc warrior (D:6)
  5 porcupines
  3 ice beasts
  2 slaves (D:5)
  4 sky beasts
  3 phantoms
  2 black bears
  A necrophage (D:10)
  9 centaurs
  3 wolves (D:8)
  4 ogres
  6 crocodiles
  20 big kobolds
  8 bullfrogs
  2 scorpions
  An electric eel (Spider:1)
  A howler monkey (D:4)
  5 crimson imps
  A jelly (D:9)
  10 orc wizards
  A centaur skeleton (D:8)
  7 hounds
  2 orc priests (D:10)
  A bullfrog skeleton (D:10)
  An iguana (D:6)
  Ijyb (D:1)
  4 worker ants
  15 gnolls
  9 adders
  A shadow imp (D:4)
  2 oozes
  2 adder skeletons
  8 worms
  2 dart slugs
  6 leopard geckos
  25 orcs
  A ball python (D:4)
  6 bats
  4 giant cockroaches
  40 goblins
  31 hobgoblins
  19 jackals
  29 kobolds
  4 quokkas
  7 frilled lizards
  4 rats
  2 plants (Shoals:1)
  5 tentacles (Shoals:1)
668 creatures vanquished.

Vanquished Creatures (others)
  A slave (D:6)
  A bullfrog (D:6)
  Dowan (D:6)
  14 fungi
  11 plants
  7 tentacles (Shoals:1)
35 creatures vanquished.

Grand Total: 703 creatures vanquished

Notes
Turn   | Place    | Note
-------+----------+-------------------------------------------
     0 | D:1      | pTCGFNYNwU3Fd6TS the Hill Orc Berserker began the quest for
                  | the Orb.
     0 | D:1      | Reached XP level 1. HP: 19/19 MP: 1/1
   208 | D:1      | Reached XP level 2. HP: 27/27 MP: 2/2
   318 | D:1      | Reached skill level 4 in Fighting
   915 | D:1      | Reached XP level 3. HP: 23/33 MP: 3/3
  1408 | D:2      | Noticed Ijyb
  1435 | D:1      | Killed Ijyb
  1435 | D:1      | Reached ** piety under Trog
  1594 | D:1      | Reached XP level 4. HP: 41/41 MP: 4/4
  2138 | D:2      | Found a white marble altar of Elyvilon.
  2816 | D:2      | Reached XP level 5. HP: 35/47 MP: 5/5
  2838 | D:3      | Found a faded altar of an unknown god.
  2881 | D:3      | Reached skill level 5 in Fighting
  3621 | D:3      | Found a transporter.
  3622 | D:3      | Noticed Grendash's ghost (amateur HOFi)
  3623 | D:3      | Identified the +6 dire flail "Spiderslayer" {drain, rF+
                  | Int+3}
  3623 | D:3      | Noticed an ogre
  3641 | D:3      | Found a transporter.
  4021 | D:3      | Found a basalt altar of Yredelemnul.
  4710 | D:3      | Reached XP level 6. HP: 30/56 MP: 6/6
  5137 | D:3      | Reached skill level 5 in Maces & Flails
  5137 | D:3      | Reached XP level 7. HP: 39/62 MP: 7/7
  5744 | D:3      | Reached skill level 6 in Fighting
  5877 | D:3      | Reached *** piety under Trog
  6259 | D:4      | Noticed a hippogriff
  6273 | D:4      | Killed a hippogriff
  6467 | D:4      | Reached skill level 5 in Armour
  6637 | D:5      | Entered Level 5 of the Dungeon
  6871 | D:4      | Reached XP level 8. HP: 58/71 MP: 8/8
  7508 | D:6      | Noticed Pikel
  7823 | D:5      | Got a distressingly furry scale mail
  7854 | D:5      | Identified the +3 scale mail of Trial and Error {rCorr}
                  | (You found it on level 5 of the Dungeon)
  7979 | D:5      | Reached skill level 7 in Fighting
  8089 | D:5      | Found a shadowy altar of Dithmenos.
  8141 | D:5      | Noticed Prince Ribbit
  8354 | D:5      | Killed Prince Ribbit
  8786 | D:5      | Killed Pikel
  8786 | D:5      | Reached skill level 8 in Fighting
  8786 | D:5      | Reached skill level 5 in Dodging
  8786 | D:5      | Reached XP level 9. HP: 60/81 MP: 9/9
  9099 | D:6      | Noticed Edmund
  9119 | D:6      | Killed Edmund
  9362 | D:6      | Noticed Sigmund
  9538 | D:6      | Killed Sigmund
  9647 | D:6      | Noticed Duvessa
  9649 | D:6      | Noticed Dowan
  9716 | D:6      | Killed Duvessa
  9943 | D:6      | Killed Dowan
 10061 | D:7      | Found a sacrificial altar of Ru.
 10148 | D:6      | Found a staircase to the Ecumenical Temple.
 10173 | Temple   | Entered the Ecumenical Temple
 10785 | D:6      | Reached skill level 9 in Fighting
 10903 | D:6      | Identified a scroll of acquirement
 10954 | D:7      | Found an opulent altar of Gozag.
 10957 | D:7      | Found a blossoming altar of Fedhas.
 10957 | D:7      | Found a glowing golden altar of the Shining One.
 11050 | D:7      | Found Idout's Food Shoppe.
 11193 | D:7      | Reached XP level 10. HP: 91/91 MP: 10/10
 11537 | D:8      | Noticed Gastronok
 12400 | D:8      | Reached **** piety under Trog
 12545 | D:8      | Noticed a three-headed hydra
 12556 | D:8      | Killed a three-headed hydra
 12556 | D:8      | Reached skill level 10 in Fighting
 13083 | D:8      | Found an ancient bone altar of Kikubaaqudgha.
 13486 | D:8      | Noticed Psyche
 13486 | D:8      | Noticed Erica
 13497 | D:8      | Killed Psyche
 13507 | D:8      | Killed Erica
 13507 | D:8      | Reached XP level 11. HP: 99/101 MP: 11/11
 13787 | D:10     | Entered Level 10 of the Dungeon
 13843 | D:9      | Noticed a sixfirhy
 13872 | D:9      | Reached skill level 10 in Maces & Flails
 13919 | D:9      | Reached skill level 11 in Fighting
 14252 | D:9      | Found an ornate altar of the Wu Jian Council.
 14259 | D:9      | Noticed Grum
 14326 | D:9      | Killed Grum
 15336 | D:10     | Identified the +4 spear "Levuesha" {venom, Int+2 SInv}
 15493 | D:10     | Noticed Sassenached's ghost (novice MfSk)
 15496 | D:10     | Found a runed translucent door.
 15496 | D:10     | Noticed a spriggan rider
 15542 | D:10     | Noticed a death yak
 15691 | D:10     | Noticed a death yak
 15691 | D:10     | Noticed a death yak
 15691 | D:10     | Noticed a death yak
 15691 | D:10     | Noticed a death yak
 15691 | D:10     | Noticed a death yak
 15691 | D:10     | Noticed a death yak
 15692 | D:10     | Noticed a death yak
 16041 | D:10     | Killed a death yak
 16041 | D:10     | Reached skill level 10 in Armour
 16165 | D:10     | Killed a death yak
 16272 | D:10     | Killed a death yak
 16382 | D:10     | Killed a death yak
 16393 | D:9      | Killed a death yak
 16685 | D:10     | Killed a death yak
 16685 | D:10     | Reached XP level 12. HP: 105/112 MP: 12/12
 16688 | D:10     | Killed a death yak
 16688 | D:10     | Reached skill level 12 in Fighting
 16727 | D:10     | Killed a death yak
 16938 | D:10     | Found a staircase to the Lair.
 17040 | D:11     | Noticed a two-headed ogre
 17047 | D:10     | Paralysed by a hornet for 3 turns
 17427 | D:10     | Got a heavily runed cloak
 17438 | D:10     | Identified the +0 cloak "Hodwisas" {rPois Dex+3} (You
                  | acquired it on level 10 of the Dungeon)
 17450 | Lair:1   | Entered Level 1 of the Lair of Beasts
 18962 | Lair:2   | Noticed a five-headed hydra
 18979 | Lair:2   | Noticed Urug
 18985 | Lair:1   | Killed a five-headed hydra
 19510 | Lair:2   | Reached skill level 13 in Fighting
 19527 | Lair:2   | Reached XP level 13. HP: 112/122 MP: 13/13
 19973 | Lair:2   | Found a staircase to the Shoals.
 20003 | Lair:2   | Killed Urug
 20793 | Lair:2   | Noticed Harold
 20811 | Lair:2   | Killed Harold
 21082 | Shoals:1 | Entered Level 1 of the Shoals
 22837 | Lair:4   | Found a hole to the Spider Nest.
 23576 | Lair:4   | Reached skill level 10 in Dodging
 23723 | Spider:1 | Entered Level 1 of the Spider Nest
 24242 | Spider:1 | Reached skill level 14 in Fighting
 25208 | Spider:2 | Noticed an emperor scorpion
 25472 | Spider:1 | Reached XP level 14. HP: 77/132 MP: 14/14
 25995 | Spider:1 | Found a runed translucent gate.
 25995 | Spider:1 | Found a runed translucent gate.
 25995 | Spider:1 | Found a runed translucent gate.
 25995 | Spider:1 | Noticed Sairod's ghost (adept SpEn)
 26165 | Spider:1 | Killed Sairod's ghost
 26839 | Spider:1 | Killed an emperor scorpion
 28746 | Spider:2 | Reached skill level 1 in Shields
 28928 | Spider:2 | Reached ***** piety under Trog
 29156 | Spider:2 | Got a translucent falchion
 31913 | Spider:3 | Received a gift from Trog
 32466 | Spider:3 | Reached skill level 5 in Shields
 32661 | Spider:3 | Reached skill level 15 in Fighting
 32914 | Spider:3 | Noticed an entropy weaver
 32925 | Spider:3 | Killed an entropy weaver
 33212 | Spider:3 | Noticed a ghost moth
 33224 | Spider:3 | Killed a ghost moth
 33224 | Spider:3 | Reached XP level 15. HP: 134/141 MP: 0/15
 33383 | Spider:4 | Entered Level 4 of the Spider Nest
 33970 | Spider:4 | Noticed Arachne
 34022 | Spider:4 | Noticed an emperor scorpion
 34025 | Spider:4 | Noticed a ghost moth
 34100 | Spider:3 | Killed a ghost moth
 34222 | Spider:3 | Killed an emperor scorpion
 34375 | Spider:4 | Noticed an emperor scorpion
 34483 | Spider:3 | Killed an emperor scorpion
 34759 | Spider:3 | Killed Arachne
 34967 | Spider:3 | Received a gift from Trog
 35214 | Spider:4 | Noticed a ghost moth
 35418 | Spider:3 | Killed a ghost moth
 35668 | Spider:4 | Noticed an emperor scorpion
 35729 | Spider:4 | Killed an emperor scorpion
 36220 | Spider:4 | Got a gossamer rune of Zot
 36779 | Spider:4 | Noticed a ghost moth
 36876 | Spider:3 | Killed a ghost moth
 37103 | Spider:4 | Noticed a ghost moth
 37124 | Spider:4 | Killed a ghost moth
 37781 | Lair:3   | Upgraded the game from 0.23.2-11-gf996548c65 to
                  | 0.23.2-30-g0e89c35649
 37939 | Shoals:1 | Reached XP level 16. HP: 81/151 MP: 16/16
 37950 | Shoals:1 | Reached skill level 16 in Fighting
 38035 | Shoals:1 | Reached skill level 10 in Shields
 38321 | Shoals:1 | Noticed a kraken
 38445 | Shoals:1 | Killed a kraken
 38543 | Shoals:1 | Received a gift from Trog
 39350 | Shoals:2 | HP: 2/152 [water nymph/the raging water (24)]
 39382 | Shoals:2 | HP: 7/152 [water nymph/the raging water (37)]
 39836 | Shoals:1 | Killed from afar by a water nymph

Skill      XL: |  1  2  3  4  5  6  7  8  9 10 11 12 13 14 15 16 |
---------------+-------------------------------------------------+-----
Fighting       | 4 5 6 8 9 10 11 13 14 15 16 | 16.3
Dodging        | 2 3 5 7 8 9 10 11 | 11.9
Armour         | 3 4 5 6 7 9 10 11 12 13 14 | 14.9
Maces & Flails | 4 5 7 8 9 10 12 13 14 | 14.0
Shields        | 5 9 10 | 10.9

Action                   |  1- 3 |  4- 6 |  7- 9 | 10-12 | 13-15 | 16-18 || total
-------------------------+-------+-------+-------+-------+-------+-------++-------
Melee: Mace              |    88 |   262 |   401 |       |       |       ||   751
       Flail             |       |       |   170 |   855 |  1046 |       ||  2071
       Morningstar       |       |       |       |       |   562 |   312 ||   874
Invok: Berserk           |     1 |       |     1 |     1 |     3 |       ||     6
       Trog's Hand       |       |     6 |    15 |    13 |     6 |     4 ||    44
Evoke: Wand              |       |       |       |       |     1 |       ||     1
  Use: Scroll            |       |       |     9 |     3 |    10 |     1 ||    23
       Potion            |       |       |       |     1 |     9 |     1 ||    11
  Eat: Chunk             |     3 |    13 |    34 |    34 |    23 |     4 ||   111
       Ration            |       |     1 |       |     2 |    13 |     1 ||    17
Armor: Animal skin       |    15 |       |       |       |       |       ||    15
       Leather armour    |     2 |    50 |    33 |       |       |       ||    85
       Ring mail         |       |       |    40 |       |       |       ||    40
       Scale mail        |       |       |   130 |   382 |   880 |    70 ||  1462
Dodge: Dodged            |    65 |   207 |   377 |   557 |  1514 |   199 ||  2919
       Deflected         |       |       |       |     2 |       |       ||     2
Block: Large shield      |       |       |       |       |   553 |   351 ||   904
